Workbook

Sheet Cover
A16: BILL OF QUANTITIES
A17: IGMH PHLEBOTOMY AREA MAY 2026
A19: CLIENT : IGMH

Sheet BOQ Summary
A2: SUMMARY OF BILLS OF QUANTITIES
A3: =Cover!A17:I17 -> IGMH PHLEBOTOMY AREA MAY 2026
C5: DESCRIPTION | D5: MATERIAL COST | E5: LABOUR COST | F5: AMOUNT
C7: ='BOQ '!E7 -> Bill №: 01 - DEMOLITION | D7: ='BOQ '!K26 -> 0 | E7: ='BOQ '!L26 -> 0 | F7: ='BOQ '!M26 -> 0
C8: ='BOQ '!E27 -> Bill №: 02 - DOORS & WINDOWS | D8: ='BOQ '!K54 -> 0 | E8: ='BOQ '!L54 -> 0 | F8: ='BOQ '!M54 -> 0
C9: ='BOQ '!E55 -> Bill №: 03 - MASONRY | D9: ='BOQ '!K69 -> 0 | E9: ='BOQ '!L69 -> 0 | F9: ='BOQ '!M69 -> 0
C10: ='BOQ '!E70 -> Bill №: 04 - STRUCTURAL WORKS | D10: ='BOQ '!K120 -> 0 | E10: ='BOQ '!L120 -> 0 | F10: ='BOQ '!M120 -> 0
C11: ='BOQ '!E121 -> Bill №: 05 - PLASTERING | D11: ='BOQ '!K133 -> 0 | E11: ='BOQ '!L133 -> 0 | F11: ='BOQ '!M133 -> 0
C12: ='BOQ '!E134 -> Bill №: 06 - FLOOR, WALL FINISHINGS | D12: ='BOQ '!K181 -> 0 | E12: ='BOQ '!L181 -> 0 | F12: ='BOQ '!M181 -> 0
C13: ='BOQ '!E182 -> Bill №: 07 - DRYWALL & SUSPENDED CEILING | D13: ='BOQ '!K217 -> 0 | E13: ='BOQ '!L217 -> 0 | F13: ='BOQ '!M217 -> 0
C14: ='BOQ '!E218 -> Bill №: 08 -FURNITURE | D14: ='BOQ '!K377 -> 0 | E14: ='BOQ '!L377 -> 0 | F14: ='BOQ '!M377 -> 0
C15: ='BOQ '!E378 -> Bill №: 09 - PAINTING & DECORATIONS | D15: ='BOQ '!K399 -> 0 | E15: ='BOQ '!L399 -> 0 | F15: ='BOQ '!M399 -> 0
C16: ='BOQ '!E410 -> Bill №:11 - MECHANICAL & ELECTRICAL SERVICES | D16: ='BOQ '!K526 -> 0 | E16: ='BOQ '!L526 -> 0 | F16: ='BOQ '!M526 -> 0
C17: ='BOQ '!E527 -> Bill №: 12 - PLUMBING | D17: ='BOQ '!K563 -> 0 | E17: ='BOQ '!L563 -> 0 | F17: ='BOQ '!M563 -> 0
C18: TOTAL AMOUNT | D18: =SUM(D7:D17) -> 0 | E18: =SUM(E7:E17) -> 0 | F18: =SUM(F7:F17) -> 0
C19: GST 8% | F19: =F18*8/100 -> 0
C20: TOTAL AMOUNT including GST | F20: =F18+F19 -> 0

Sheet BOQ 
A2: ='BOQ Summary'!A3:F3 -> IGMH PHLEBOTOMY AREA MAY 2026
A3: Republic of Maldives
A5: BILL OF QUANTITIES
A6: ITEM | E6: DESCRIPTION | G6: UNIT | H6: QTY | I6: MATERIAL RATE | J6: LABOUR RATE | K6: MATERIAL AMOUNT | L6: LABOUR AMOUNT | M6: AMOUNT
A7: 1.0.00 | E7: Bill №: 01 - DEMOLITION
B9: GENERAL
D10: (a) | E10: Careful demolition and dismantling of existing masonry walls, partitions (block/gypsum/wooden), RCC staircase, and bench structures, including cutting, breaking, and removal of concrete and reinforcement wherever required. The work also includes removal of existing toilet fixtures, fittings, and wall/floor tiles with necessary plumbing disconnections. All debris shall be collected, removed, and disposed of outside the site as per instructions, complete in all respects.
A12: 1.1.00 | B12: DEMOLITION WORK
A14: 1.1.01 | E14: Wall Demolition | G14: m2 | H14: 234.08 | I14: 0 | J14: 0 | K14: =H14*I14 -> 0 | L14: =H14*J14 -> 0 | M14: =H14*I14+H14*J14 -> 0
A15: 1.1.02 | E15: Partition demolition | G15: m2 | H15: 61.6 | I15: 0 | J15: 0 | K15: =H15*I15 -> 0 | L15: =H15*J15 -> 0 | M15: =H15*I15+H15*J15 -> 0
A16: 1.1.03 | E16: RCC stair demolition | G16: m2 | H16: 7.55 | I16: 0 | J16: 0 | K16: =H16*I16 -> 0 | L16: =H16*J16 -> 0 | M16: =H16*I16+H16*J16 -> 0
A17: 1.1.04 | E17: Bench Demolition | G17: m2 | H17: 15.2 | I17: 0 | J17: 0 | K17: =H17*I17 -> 0 | L17: =H17*J17 -> 0 | M17: =H17*I17+H17*J17 -> 0
A18: 1.1.05 | E18: Toilet fixtures and tiles removal | G18: m2 | H18: 42 | I18: 0 | J18: 0 | K18: =H18*I18 -> 0 | L18: =H18*J18 -> 0 | M18: =H18*I18+H18*J18 -> 0
A20: 1.2.00 | B20: Excavation & Back Filling
E21: a) Rates shall include for: Excavation quantities are measured to the faces of concrete members. Rates shall include for all the additional excavation required to place the formwork. Rates shall include for backfilling.
A22: 1.2.01 | E22: Excavation | G22: m3 | H22: 279.31 | I22: 0 | J22: 0 | K22: =H22*I22 -> 0 | L22: =H22*J22 -> 0 | M22: =H22*I22+H22*J22 -> 0
A23: 1.2.02 | E23: Back Filling | G23: m3 | H23: 326.13 | I23: 0 | J23: 0 | K23: =H23*I23 -> 0 | L23: =H23*J23 -> 0 | M23: =H23*I23+H23*J23 -> 0
E26: TOTAL OF BILL №: 01 - Carried Over To Summary | K26: =SUBTOTAL(9,K14:K25) -> 0 | L26: =SUBTOTAL(9,L14:L25) -> 0 | M26: =SUBTOTAL(9,M14:M25) -> 0
A27: 2.0.00 | E27: Bill №: 02 - DOORS & WINDOWS
B29: GENERAL
D30: (a) | E30: Rates shall include for locks, latches, closers, push plates, pull handles, bolts, kick plates, hinges and all door & window hardware.
D31: (b) | E31: Rates shall include for door frames, mullions, transoms, trims, glazing, tinting, timber panels, boardings, framing, lining, fastenings and all fixings.
D32: (c) | E32: Sizes are given overall outside dimensions of actual doors and windows.
D33: (d) | E33: Thickness and sizes of glass panels are shown on the Drawings and doors and windows schedule
D34: (e) | E34: Rates shall include for all painting as specified
D35: (f) | E35: Rates shall include all items specified in the door schedule and specification.
D36: (g) | E36: Frames and sashes to be 25-60 micron white powder coated aluminium other wise specified.
A38: 2.1.00 | B38: GROUND FLOOR
A39: 2.1.12 | B39: 1900 | C39: x | D39: 2100 | E39: D1-Timber Door & Fixed Window | G39: nr | H39: 1 | I39: 0 | K39: =H39*I39 -> 0 | L39: =H39*J39 -> 0 | M39: =H39*I39+H39*J39 -> 0
A40: 2.1.12 | B40: 900 | C40: x | D40: 2100 | E40: D2-Timber Door | G40: nr | H40: 1 | I40: 0 | J40: 0 | K40: =H40*I40 -> 0 | L40: =H40*J40 -> 0 | M40: =H40*I40+H40*J40 -> 0
A41: 2.1.12 | B41: 700 | C41: x | D41: 2100 | E41: D3-Timber Door | G41: nr | H41: 3 | I41: 0 | J41: 0 | K41: =H41*I41 -> 0 | L41: =H41*J41 -> 0 | M41: =H41*I41+H41*J41 -> 0
A42: 2.1.12 | B42: 700 | C42: x | D42: 2100 | E42: D4-Fiber Door | G42: nr | H42: 5 | I42: 0 | J42: 0 | K42: =H42*I42 -> 0 | L42: =H42*J42 -> 0 | M42: =H42*I42+H42*J42 -> 0
A43: 2.1.12 | B43: 1100 | C43: x | D43: 2100 | E43: D5-Timber Door | G43: nr | H43: 2 | I43: 0 | J43: 0 | K43: =H43*I43 -> 0 | L43: =H43*J43 -> 0 | M43: =H43*I43+H43*J43 -> 0
A44: 2.1.12 | B44: 800 | C44: x | D44: 2200 | E44: D6-Timber Sliding Door | G44: nr | H44: 3 | I44: 0 | J44: 0 | K44: =H44*I44 -> 0 | L44: =H44*J44 -> 0 | M44: =H44*I44+H44*J44 -> 0
A45: 2.1.12 | B45: 2800 | C45: x | D45: 2000 | E45: FG1-Aluminium Fixed Window | G45: nr | H45: 1 | I45: 0 | J45: 0 | K45: =H45*I45 -> 0 | L45: =H45*J45 -> 0 | M45: =H45*I45+H45*J45 -> 0
A46: 2.1.12 | B46: 1475 | C46: x | D46: 2500 | E46: FG2-Aluminium Fixed Window | G46: nr | H46: 1 | I46: 0 | J46: 0 | K46: =H46*I46 -> 0 | L46: =H46*J46 -> 0 | M46: =H46*I46+H46*J46 -> 0
A47: 2.1.12 | B47: 1500 | C47: x | D47: 2500 | E47: FG3-Aluminium Fixed Window | G47: nr | H47: 1 | I47: 0 | J47: 0 | K47: =H47*I47 -> 0 | L47: =H47*J47 -> 0 | M47: =H47*I47+H47*J47 -> 0
A48: 2.1.12 | B48: 1640 | C48: x | D48: 2200 | E48: FG4-Aluminium Fixed Window | G48: nr | H48: 1 | I48: 0 | J48: 0 | K48: =H48*I48 -> 0 | L48: =H48*J48 -> 0 | M48: =H48*I48+H48*J48 -> 0
A49: 2.1.12 | B49: 3155 | C49: x | D49: 2200 | E49: FG5-Aluminium Fixed Window | G49: nr | H49: 1 | I49: 0 | J49: 0 | K49: =H49*I49 -> 0 | L49: =H49*J49 -> 0 | M49: =H49*I49+H49*J49 -> 0
A50: 2.1.12 | B50: 1600 | C50: x | D50: 2200 | E50: FG6-Aluminium Fixed Window | G50: nr | H50: 1 | I50: 0 | J50: 0 | K50: =H50*I50 -> 0 | L50: =H50*J50 -> 0 | M50: =H50*I50+H50*J50 -> 0
A51: 2.1.12 | B51: 3495 | C51: x | D51: 1600 | E51: FG1-Fixed Glass | G51: nr | H51: 1 | I51: 0 | J51: 0 | K51: =H51*I51 -> 0 | L51: =H51*J51 -> 0 | M51: =H51*I51+H51*J51 -> 0
A52: 2.1.12 | B52: 2346 | C52: x | D52: 1600 | E52: FG2-Fixed Glass | G52: nr | H52: 1 | I52: 0 | J52: 0 | K52: =H52*I52 -> 0 | L52: =H52*J52 -> 0 | M52: =H52*I52+H52*J52 -> 0
E54: TOTAL OF BILL №: 02 - Carried Over To Summary | K54: =SUBTOTAL(9,K39:K53) -> 0 | L54: =SUBTOTAL(9,L39:L53) -> 0 | M54: =SUBTOTAL(9,M39:M53) -> 0
A55: 3.0.00 | E55: Bill №: 03 - MASONRY
B57: GENERAL
D58: (a) | E58: Rates shall include for: cleaning out cavities, forming rebated reveals and pointing and cleaning down to reveals where necessary; fractional size blocks, all necessary machine cutting, cutting or forming chases or edges of floor slabs, cutting or leavingholes and openings as recesses for and building in pipes, conduits, sleeves and similar as required for all trades; leaving surfaces rough or raking out joints for plastering and flashing, bedding frames or plates, building in joists, bearers or similar, temporary supports to openings, templates, reinforcement in walls and for all necessary making good.
A60: 3.1.00 | B60: BLOCK WORK
E62: Cement block wall, bricks laid to form alternate courses of headers and stretchers, laid on and inc. mortar (INTERNAL WALLS).
D63: 100 | E63: mm thk full height (Full block)
A64: 3.1.01 | E64: GROUND FLOOR | G64: m2 | H64: 182 | I64: 0 | J64: 0 | K64: =H64*I64 -> 0 | L64: =H64*J64 -> 0 | M64: =H64*I64+H64*J64 -> 0
A65: 3.1.02 | E65: 4" Solid Bricks | G65: Nos | H65: =H64*23 -> 4186 | I65: 0 | K65: =H65*I65 -> 0 | L65: =H65*J65 -> 0 | M65: =H65*I65+H65*J65 -> 0
A66: 3.1.03 | E66: Cement | G66: Bag | H66: =H65/100 -> 41.86 | I66: 0 | J66: 0 | K66: =H66*I66 -> 0 | L66: =H66*J66 -> 0 | M66: =H66*I66+H66*J66 -> 0
A67: 3.1.04 | E67: Coarse Sand | G67: Bag | H67: =H66*5 -> 209.3 | I67: 0 | J67: 0 | K67: =H67*I67 -> 0 | L67: =H67*J67 -> 0 | M67: =H67*I67+H67*J67 -> 0
E69: TOTAL OF BILL №: 03 - Carried Over To Summary | K69: =SUBTOTAL(9,K46:K67) -> 0 | L69: =SUBTOTAL(9,L46:L67) -> 0 | M69: =SUBTOTAL(9,M46:M67) -> 0
A70: 4.0.00 | E70: Bill №: 04 - STRUCTURAL WORKS
B72: GENERAL
E73: a )Rates shall include for cleaning out cavities, forming rebated reveals and pointing and cleaning down to reveals where necessary; fractional size blocks, all necessary machine cutting, cutting or forming chases or edges of floor slabs.
E74: b )Cutting or leaving holes and openings as recesses for and building in pipes, conduits , sleeves and similar as required for all trades; leaving surfaces rough or raking out joints for plastering and flashings, bedding frames or plates, building in joints.
E75: c ) All external wall and all inetrenal walls shall be and for masonry mix ratio 1:5 (cement and river sand)
E76: (d) 15mm thick Cement plastering on interior walls and concrete surface as specified incl. wire mesh shall be fixed at the joints of concrete surfaces and walls before plastering. Quantity is measured including concrete surfaces - Parapetwalls, Liftwalls, columns & beams.
E77: (e)Rates shall include for External plastering shall 20mm thick (12+8mm) 2 coats in 1:4 cement and river sand mix ratio
E78: f) Rates shall include for approved brand water proofing compound shall be mixed with cement mortar for external wall plastering as per manufacturers specifications.
E79: g) Apply 2 coats of water proofing paint on all concrete surfaces below finished floor level in accordance with BS 8102 standards
E80: h) Damp proof membrane under foundation
E81: i) Apply 2 coats of Bituminous paint or similar on all concrete surfaces below ground level in accordance with manufacturer's instructions
A82: 4.1.00 | B82: Concrete Works
A83: 4.1.01 | E83: Foundation Beam - TB (Price Include Reinfocements) | G83: Lm | H83: 237 | I83: 0 | J83: 0 | K83: =H83*I83 -> 0 | L83: =H83*J83 -> 0 | M83: =H83*I83+H83*J83 -> 0
A84: 4.1.02 | E84: Roof Beam - RB1 (Price Include Reinfocements) | G84: Lm | H84: 158.6 | I84: 0 | J84: 0 | K84: =H84*I84 -> 0 | L84: =H84*J84 -> 0 | M84: =H84*I84+H84*J84 -> 0
A85: 4.1.03 | E85: Roof Beam - RB2 (Price Include Reinfocements) | G85: Lm | H85: 2.8 | I85: 0 | J85: 0 | K85: =H85*I85 -> 0 | L85: =H85*J85 -> 0 | M85: =H85*I85+H85*J85 -> 0
A86: 4.1.04 | E86: 140mm thk RC Slab / Roof Slab (Price Include Reinfocements) | G86: m2 | H86: 6.95 | I86: 0 | J86: 0 | K86: =H86*I86 -> 0 | L86: =H86*J86 -> 0 | M86: =H86*I86+H86*J86 -> 0
A87: 4.1.05 | E87: 140mm thk RC Slab / Stair Slab (Price Include Reinfocements) | G87: m2 | H87: 7.16 | I87: 0 | J87: 0 | K87: =H87*I87 -> 0 | L87: =H87*J87 -> 0 | M87: =H87*I87+H87*J87 -> 0
A88: 4.1.06 | E88: Reinforcement Anchorage Chemicle | G88: item | H88: 1 | I88: 0 | J88: 0 | K88: =H88*I88 -> 0 | L88: =H88*J88 -> 0 | M88: =H88*I88+H88*J88 -> 0
A90: 4.2.00 | B90: Masanary & Plastering Works
A91: 4.2.01 | E91: Light Weight Silicon Solid Block, laid on and incl. 1:5 Cement Mortor, tie rods, compression gap filler, nylon / plastic mesh as specified.
A92: 4.2.02 | E92: 150mm Cement Block Wall | G92: m2 | H92: 51.1 | I92: 0 | J92: 0 | K92: =H92*I92 -> 0 | L92: =H92*J92 -> 0 | M92: =H92*I92+H92*J92 -> 0
A93: 4.2.03 | E93: 100mm Cement Block Wall | G93: m2 | H93: 75.9 | I93: 0 | J93: 0 | K93: =H93*I93 -> 0 | L93: =H93*J93 -> 0 | M93: =H93*I93+H93*J93 -> 0
A94: 4.2.04 | E94: Plastering Both Sides & Door & Windor Openings | G94: m2 | H94: 252.9 | I94: 0 | J94: 0 | K94: =H94*I94 -> 0 | L94: =H94*J94 -> 0 | M94: =H94*I94+H94*J94 -> 0
A95: 4.3.00 | B95: Masanary & Plastering Works
A96: 4.3.01 | E96: a)Rates shall include for: fair edges, dressing over angel fillets, roof sealant, turning into grooves, all other labours, circular edges, nails, screws and other fixings and laps.
A97: 4.3.02 | E97: Lysaght roofing sheet to specification | G97: m2 | H97: 29.43 | I97: 0 | J97: 0 | K97: =H97*I97 -> 0 | L97: =H97*J97 -> 0 | M97: =H97*I97+H97*J97 -> 0
A98: 4.3.03 | E98: 50mm mineral wool insulation with reflective layers on both installed as per suppliers specifications with recommended lap length and air gap tape. Rate shall include for fiber mesh over purlins to support insulation layer. | G98: m2 | H98: 29.43 | I98: 0 | J98: 0 | K98: =H98*I98 -> 0 | L98: =H98*J98 -> 0 | M98: =H98*I98+H98*J98 -> 0
A99: 4.3.04 | E99: 150x150mm Lysaght Gutter | G99: lm | H99: 5.5 | I99: 0 | J99: 0 | K99: =H99*I99 -> 0 | L99: =H99*J99 -> 0 | M99: =H99*I99+H99*J99 -> 0
A100: 4.3.05 | E100: 200x200mm Lysaght Flashing | G100: lm | H100: 15.45 | I100: 0 | J100: 0 | K100: =H100*I100 -> 0 | L100: =H100*J100 -> 0 | M100: =H100*I100+H100*J100 -> 0
A101: 4.3.06 | E101: 50x150mm Timber Hard Wood Rafters | G101: lm | H101: 37.45 | I101: 0 | J101: 0 | K101: =H101*I101 -> 0 | L101: =H101*J101 -> 0 | M101: =H101*I101+H101*J101 -> 0
A102: 4.3.07 | E102: 50x150mm Header Timber Hard Rafter | G102: lm | H102: 5.5 | I102: 0 | J102: 0 | K102: =H102*I102 -> 0 | L102: =H102*J102 -> 0 | M102: =H102*I102+H102*J102 -> 0
A103: 4.3.08 | E103: 35x50mm Timber Timber Hard Purlins | G103: lm | H103: 49.5 | I103: 0 | J103: 0 | K103: =H103*I103 -> 0 | L103: =H103*J103 -> 0 | M103: =H103*I103+H103*J103 -> 0
A104: 4.3.09 | E104: 25x200mm Fascia Board | G104: lm | H104: 5.5 | I104: 0 | J104: 0 | K104: =H104*I104 -> 0 | L104: =H104*J104 -> 0 | M104: =H104*I104+H104*J104 -> 0
A105: 4.3.10 | E105: 82mm dia rain water pipe | G105: lm | H105: 6.6 | I105: 0 | J105: 0 | K105: =H105*I105 -> 0 | L105: =H105*J105 -> 0 | M105: =H105*I105+H105*J105 -> 0
B106: Roof Works
E107: a)Rates shall include for: fair edges, dressing over angel fillets, roof sealant, turning into grooves, all other labours, circular edges, nails, screws and other fixings and laps.
E108: Lysaght roofing sheet to specification | G108: m2 | H108: 29.43 | I108: 0 | J108: 0 | K108: =H108*I108 -> 0 | L108: =H108*J108 -> 0 | M108: =H108*I108+H108*J108 -> 0
E109: 50mm mineral wool insulation with reflective layers on both installed as per suppliers specifications with recommended lap length and air gap tape. Rate shall include for fiber mesh over purlins to support insulation layer. | G109: m2 | I109: 0 | J109: 0 | K109: =H109*I109 -> 0 | L109: =H109*J109 -> 0 | M109: =H109*I109+H109*J109 -> 0
E110: 150x150mm Lysaght Gutter | G110: lm | H110: 5.5 | I110: 0 | J110: 0 | K110: =H110*I110 -> 0 | L110: =H110*J110 -> 0 | M110: =H110*I110+H110*J110 -> 0
E111: 200x200mm Lysaght Flashing | G111: lm | H111: 15.45 | I111: 0 | J111: 0 | K111: =H111*I111 -> 0 | L111: =H111*J111 -> 0 | M111: =H111*I111+H111*J111 -> 0
E112: 50x150mm Timber Hard Wood Rafters | G112: lm | H112: 37.45 | I112: 0 | J112: 0 | K112: =H112*I112 -> 0 | L112: =H112*J112 -> 0 | M112: =H112*I112+H112*J112 -> 0
E113: 50x150mm Header Timber Hard Rafter | G113: lm | H113: 5.5 | I113: 0 | J113: 0 | K113: =H113*I113 -> 0 | L113: =H113*J113 -> 0 | M113: =H113*I113+H113*J113 -> 0
E114: 35x50mm Timber Timber Hard Purlins | G114: lm | H114: 49.5 | I114: 0 | J114: 0 | K114: =H114*I114 -> 0 | L114: =H114*J114 -> 0 | M114: =H114*I114+H114*J114 -> 0
E115: 25x200mm Fascia Board | G115: lm | H115: 5.5 | I115: 0 | J115: 0 | K115: =H115*I115 -> 0 | L115: =H115*J115 -> 0 | M115: =H115*I115+H115*J115 -> 0
E116: 82mm dia rain water pipe | G116: lm | H116: 6.6 | I116: 0 | J116: 0 | K116: =H116*I116 -> 0 | L116: =H116*J116 -> 0 | M116: =H116*I116+H116*J116 -> 0
E120: TOTAL OF BILL №: 04 - Carried Over To Summary | K120: =SUBTOTAL(9,K74:K105) -> 0 | L120: =SUBTOTAL(9,L74:L105) -> 0 | M120: =SUBTOTAL(9,M74:M105) -> 0
...
